cohdb
Replays
Latest Replays
All Replays
Popular Replays
Top Player Replays
Match Explorer
How It Works
Community
CoH3 Stats
Reddit
Sign in to upload your games and track your stats! →
Sign in with Steam
Match 42622678
Unlisted
Match 42622678
Overview
Messages
Build Orders
End
Construct Barracks
Selects Heavy Weapons
Riflemen Squad
Riflemen Squad
Riflemen Squad
Grenade Package
Riflemen Squad
Construct Medical Station
Selects Assault Carriers
Selects Exchangeable Parts
Construct Weapon Support Center
AI Takeover
HaKun233
Trion
0
0
Comments
sign in to comment!
No comments posted yet!